Map: Persephone LE

Players

llIIlIIllIII

  • Race: Terran Terran
  • League: Master
  • Spawn Location: 7:00

SortOf - Winner!

  • Race: Zerg Zerg
  • League: Grandmaster
  • Spawn Location: 11:00

VOD

Have the link to the VOD?

Description

SORTOF ZVT

Time

  • Played on: Oct. 22, 2025, 5:52 a.m.
  • Length: 10:12
Show
View Real Time Build Order
Export as new Build Order

llIIlIIllIII Terran 

Build Orders: Reaper Expand, Hellion Banshee 

Get SALT Encoding   

  12  0:00  SCV  
  13  0:12  SCV  
  14  0:16  Supply Depot  
  14  0:24  SCV  
  15  0:38  SCV, Barracks  
  15  0:42  Refinery  
  16  0:50  SCV  
  17  1:02  SCV  
  18  1:14  SCV  
  19  1:27  Reaper, Orbital Command  
  20  1:41  Command Center  
  20  1:52  Supply Depot  
  20  1:53  SCV  
  21  1:59  Marine  
  22  2:05  SCV  
  23  2:10  Factory  
  23  2:17  SCV  
  24  2:24  Barracks Reactor  
  24  2:29  SCV  
  25  2:41  SCV  
  26  2:48  Command Center  
  26  2:53  SCV  
  26  2:57  Orbital Command  
  27  3:02  Starport  
  27  3:05  SCV  
  27  3:11  Refinery  
  28  3:17  SCV  
  29  3:21  Hellion  
  29  3:22  Hellion  
  29  3:24  Barracks Tech Lab  
  33  3:27  SCV  
  34  3:35  SCV  
  34  3:39  SCV  
  36  3:45  Hellion x2  
  36  3:47  SCV  
  41  3:51  SCV  
  41  3:53  Banshee  
  45  3:59  Barracks Tech Lab  
  45  4:00  SCV  
  45  4:01  Orbital Command  
  46  4:03  SCV, Cloaking Field  
  47  4:10  Hellion  
  47  4:12  SCV  
  47  4:13  Hellion  
  47  4:15  SCV  
  53  4:21  Supply Depot  
  53  4:25  SCV  
  53  4:27  Supply Depot  
  53  4:28  SCV  
  53  4:31  Marine  
  55  4:35  Refinery  
  55  4:36  Banshee  
  55  4:37  SCV  
  60  4:40  Refinery  
  60  4:44  SCV  
  60  4:45  SCV  
  62  4:48  Factory Reactor  
  62  4:49  SCV  
  63  4:56  SCV  
  63  4:57  SCV, Barracks  
  63  4:58  Marine  
  63  4:59  Stimpack  
  66  5:01  SCV, Barracks  
  67  5:07  Engineering Bay  
  67  5:09  SCV x2  
  67  5:10  Engineering Bay  
  67  5:13  SCV  
  70  5:15  Marine  
  70  5:21  SCV x2  
  73  5:24  Supply Depot  
  73  5:25  SCV  
  73  5:26  Supply Depot  
  74  5:31  Factory Reactor  
  74  5:33  SCV x2, Marine  
  75  5:38  SCV  
  74  5:45  SCV x2  
  74  5:47  Marine x2  
  74  5:48  Barracks Reactor  
  78  5:51  Marine  
  78  5:52  Barracks  
  78  5:53  Barracks  
  78  5:54  Orbital Command  
  78  5:56  Supply Depot  
  79  5:58  Terran Infantry Weapons Level 1  
  79  6:00  Terran Infantry Armor Level 1  
  79  6:06  Medivac  
  79  6:07  Medivac  
  79  6:09  Marine  
  79  6:10  SCV  
  79  6:11  SCV  
  86  6:17  Factory  
  86  6:26  Bunker  
  86  6:27  Marine  
  86  6:28  Marine x4  
  86  6:29  Widow Mine x2  
  86  6:31  SCV x2  
  86  6:32  SCV  
  98  6:39  Combat Shield  
  98  6:42  Armory, Barracks Reactor  
  98  6:43  SCV x2  
  98  6:44  Marine  
  101  6:47  Supply Depot  
  101  6:49  Supply Depot  
  101  7:02  Supply Depot  
  101  7:08  Marine  
  101  7:09  SCV x3  
  101  7:12  Supply Depot  
  101  7:13  Supply Depot  
  101  7:15  Missile Turret  
  105  7:16  Missile Turret  
  105  7:21  SCV x3  
  102  7:26  Medivac x2  
  102  7:27  Factory Tech Lab  
  102  7:28  Marauder x2, Marine x5  
  115  7:33  SCV x3, Marine  
  115  7:37  Missile Turret  
  119  7:38  Missile Turret  
  119  7:44  Missile Turret  
  119  7:46  Marine x4, Hellion x4  
  119  7:47  Command Center  
  119  7:48  Marine  
  119  7:49  Marauder  
  119  7:50  Marauder  
  116  8:00  Marine  
  116  8:03  Marine  
  116  8:04  Widow Mine x3  
  124  8:09  Marine x3  
  124  8:10  Marine x3  
  119  8:18  Marine  
  119  8:19  Medivac x2  
  122  8:21  Marine  
  122  8:25  SCV x3, Thor, Widow Mine x2  
  122  8:26  Refinery x2  
  134  8:27  Marine x3  
  137  8:36  Barracks  
  137  8:37  SCV x3, Supply Depot x2, Barracks  
  137  8:38  Supply Depot, Barracks  
  140  8:48  Marine  
  141  8:58  Marine x4  
  141  8:59  Marauder, Supply Depot  
  141  9:00  Supply Depot  
  141  9:01  Supply Depot  
  147  9:03  Marine x2  
  147  9:06  Marine  
  143  9:16  Marine x4  
  138  9:20  Marauder  
  138  9:21  Marine  
  138  9:22  Marauder  
  139  9:24  Marine  
  130  9:34  Marine x6  
  112  9:39  Marine  
  112  9:42  Marine  
  112  9:43  Marauder, Marine x2  
  102  9:51  Marine x3  
  102  9:52  Marine x2  
Show
View Real Time Build Order
Export as new Build Order

SortOf Zerg - Winner!

Build Orders: Hatch First 

Get SALT Encoding   

  12  0:00  Drone  
  13  0:10  Drone  
  14  0:16  Drone, Extractor  
  15  0:24  Overlord  
  15  0:43  Drone  
  15  0:47  Hatchery  
  15  0:50  Drone  
  15  0:54  Drone  
  17  0:57  Drone  
  18  1:08  Extractor  
  17  1:12  Spawning Pool  
  17  1:15  Drone  
  17  1:18  Drone  
  18  1:27  Drone  
  19  1:38  Drone  
  20  1:48  Drone  
  21  2:00  Queen x2  
  25  2:01  Zergling x4  
  27  2:09  Overlord  
  27  2:10  Drone  
  28  2:21  Hatchery  
  27  2:24  Drone  
  28  2:32  Drone x3  
  31  2:40  Queen  
  33  2:45  Overlord  
  33  2:50  Drone  
  34  2:54  Metabolic Boost  
  34  2:56  Drone  
  35  3:04  Queen  
  37  3:06  Drone x2  
  37  3:10  Drone  
  37  3:11  Overlord  
  40  3:20  Drone x4  
  44  3:29  Queen  
  44  3:31  Overlord  
  44  3:33  Drone  
  47  3:35  Drone  
  47  3:39  Queen  
  50  3:47  Queen  
  52  3:52  Drone x2  
  52  3:53  Zergling x4  
  56  3:58  Drone x3  
  56  4:02  Drone x3  
  62  4:05  Overlord  
  62  4:13  Overlord  
  62  4:14  Lair  
  62  4:15  Overlord  
  62  4:23  Overlord  
  62  4:24  Drone x4  
  62  4:25  Drone  
  66  4:31  Overlord  
  66  4:35  Extractor  
  66  4:36  Spore Crawler, Extractor  
  63  4:39  Drone x5  
  63  4:41  Zergling x6  
  71  4:45  Drone x2  
  73  4:53  Zergling x2  
  73  4:58  Drone x7  
  81  5:02  Spore Crawler  
  81  5:05  Spore Crawler, Extractor  
  81  5:06  Drone  
  79  5:08  Baneling Nest  
  78  5:18  Queen  
  78  5:20  Hatchery  
  76  5:22  Spire  
  76  5:24  Overseer  
  76  5:26  Overseer  
  75  5:29  Drone x7  
  75  5:30  Drone  
  75  5:32  Drone  
  75  5:33  Drone x2  
  86  5:40  Drone x3  
  90  5:42  Drone  
  90  5:48  Extractor x2  
  90  5:49  Evolution Chamber  
  87  5:50  Drone  
  87  5:51  Evolution Chamber, Drone, Centrifugal Hooks  
  87  5:52  Drone x3  
  91  6:03  Pneumatized Carapace  
  91  6:07  Overlord  
  91  6:09  Zergling x14, Hatchery  
  97  6:15  Overlord  
  97  6:26  Drone  
  97  6:27  Drone x6  
  97  6:28  Extractor  
  97  6:31  Zerg Flyer Weapons Level 1  
  97  6:32  Mutalisk x4  
  105  6:36  Mutalisk  
  105  6:38  Mutalisk  
  105  6:39  Drone x4  
  119  6:44  Extractor  
  119  6:46  Overlord  
  118  6:52  Zerg Ground Armor Level 1  
  118  6:53  Spore Crawler  
  118  6:58  Hatchery  
  118  7:01  Overlord  
  118  7:02  Overlord x2  
  118  7:03  Overlord  
  118  7:06  Baneling x2  
  118  7:07  Baneling x4  
  118  7:08  Zerg Melee Weapons Level 1  
  118  7:09  Overlord  
  116  7:18  Drone  
  116  7:19  Drone x12  
  127  7:23  Mutalisk x3  
  127  7:25  Baneling  
  127  7:26  Baneling x3  
  127  7:27  Zergling x4  
  135  7:32  Drone  
  135  7:33  Zergling x14  
  143  7:40  Overlord x2  
  143  7:47  Zergling x12  
  141  7:56  Zergling x10  
  132  8:01  Mutalisk x3  
  136  8:12  Mutalisk x6  
  145  8:19  Mutalisk  
  147  8:24  Zergling x18  
  156  8:30  Baneling x9  
  156  8:35  Zergling x12  
  156  8:41  Zergling x4  
  164  8:46  Baneling x8  
  164  8:47  Zergling x8  
  164  8:48  Hatchery  
  167  8:49  Overseer  
  167  8:53  Zergling x2  
  168  8:56  Extractor  
  168  8:59  Zergling x8  
  169  9:09  Zergling x16  
  173  9:15  Zergling x8  
  176  9:21  Mutalisk x2  
  176  9:23  Overlord  
  180  9:28  Overlord  
  177  9:37  Mutalisk  
  177  9:38  Mutalisk x4  
  162  9:39  Zergling x28  
  179  9:53  Baneling x2  
Tags
 
Add a new tag
Caveats
  • Supply blocks, unpowered buildings, or Contaminate may cause inaccurate times.
  • Supply counts are checked every 10 seconds.